 Dungeon Sprint DCSS version 0.18-a0-1323-g706dcef (webtiles) character file.

8124 Kidiri the Unseen (level 11, -4/54 (56) HPs)
             Began as a Spriggan Enchanter on Feb 15, 2016.
             Was a Priest of Dithmenos.
             Succumbed to a death drake's dark miasma
             ... in the Dungeon (Sprint II: "The Violet Keep of Menkaure").
             The game lasted 00:11:52 (1802 turns).

Kidiri the Unseen (Spriggan Enchanter)              Turns: 1802, Time: 00:11:53

HP:   -4/54 (56)    AC:  2    Str:  4    XL:     11   Next: 5%
MP:   22/28         EV: 31    Int: 25    God:    Dithmenos [***...]
Gold: 745           SH:  0    Dex: 18    Spells: 8 memorised, 7 levels left

rFire  . . .     SeeInvis +     a - +1 dagger
rCold  . . .     Gourm    .     k - +0 robe "Ibeg" {Regen+ Int+6 Slay-5} (curse)
rNeg   . . .     Faith    +     (shield restricted)
rPois  .         Spirit   .     (helmet restricted)
rElec  .         Dismiss  .     (no cloak)
rCorr  .         Reflect  .     (gloves unavailable)
SustAt .         Harm     .     (boots unavailable)
MR     +....     NoTele   +     u - amulet of faith
Stlth  +++++++++.               (no ring)
                                (no ring)

@: lethally poisoned (-4 -> -112), non-regenerating, diseased, slowed, wreathed
by umbra, quick, somewhat resistant to hostile enchantments, incredibly stealthy
A: unfitting armour, see invisible, herbivore 3, speed 3, slow metabolism 2
a: Shadow Step, Renounce Religion


You were in the Dungeon.
You worshipped Dithmenos.
Dithmenos was most pleased with you.
You were not hungry.

You visited 1 branch You collected 1678 gold pieces.
You spent 933 gold pieces at shops.

Inventory:

Hand Weapons
 a - a +1 dagger (weapon)
Missiles
 f - a throwing net (quivered)
Armour
 b - a +1 robe
 k - the cursed +0 robe "Ibeg" (worn) {Regen+ Int+6 Slay-5}
   (You bought it in a shop in the Dungeon)

   It affects your intelligence (+6).
   It affects your accuracy and damage with ranged weapons and melee attacks
   (-5).
   It increases your rate of regeneration.
   It has a curse placed upon it.
Jewellery
 u - an amulet of faith (around neck)
Scrolls
 j - 2 scrolls of blinking
 m - a scroll of remove curse {unknown}
 n - 2 scrolls of fog {unknown}
 p - 2 scrolls of enchant weapon {unknown}
 q - 4 scrolls of identify {unknown}
 s - a scroll of immolation {unknown}
Potions
 g - a potion of haste
 h - 5 potions of magic
 i - a potion of mutation {unknown}
 o - a potion of degeneration {unknown}
 r - 3 potions of flight {unknown}
 t - 3 potions of resistance {unknown}
 w - a potion of brilliance {unknown}
Books
 c - a book of Maledictions

   Spells                             Type                      Level
   a - Corona                         Hexes                        1
   b - Ensorcelled Hibernation        Hexes/Ice                    2
   c - Confuse                        Hexes                        3
   d - Tukima's Dance                 Hexes                        3
   e - Dazzling Spray                 Conjuration/Hexes            3
 l - a book of the Sky

   Spells                             Type                      Level
   a - Summon Lightning Spire         Summoning/Air                4
   b - Airstrike                      Air                          4
   c - Silence                        Hexes/Air                    5
   d - Deflect Missiles               Charms/Air                   6
   e - Conjure Ball Lightning         Conjuration/Air              6
   f - Tornado                        Air                          9
Comestibles
 d - 3 bread rations
 x - a slice of pizza


   Skills:
 + Level 6.1 Fighting
 * Level 11.4 Short Blades
 + Level 5.6 Armour
 * Level 14.5 Dodging
 * Level 15.7 Stealth
 * Level 12.5 Spellcasting
 + Level 4.6 Conjurations
 + Level 9.6 Hexes
 + Level 7.2 Charms
 + Level 5.0 Ice Magic
 + Level 4.4 Air Magic
 + Level 4.2 Invocations


You had 7 spell levels left.
You knew the following spells:

 Your Spells              Type           Power        Failure   Level  Hunger
a - Corona                Hex            ######.      1%          1    None
b - Ensorcelled Hibernat  Hex/Ice        ######       1%          2    None
c - Confuse               Hex            ######..     1%          3    None
d - Tukima's Dance        Hex            ######..     1%          3    None
e - Dazzling Spray        Conj/Hex       ######..     1%          3    None
f - Airstrike             Air            #####.....   8%          4    None
g - Deflect Missiles      Chrm/Air       #####.....   67%         6    #####..
h - Conjure Ball Lightni  Conj/Air       #####.....   87%         6    #####..


Dungeon Overview and Level Annotations

Branches:
Dungeon (1/1)

Altars:
Cheibriados
Dithmenos
Elyvilon
Fedhas
Gozag
Kikubaaqudgha
Makhleb
Nemelex Xobeh
Okawaru
Pakellas
Qazlal
Ru
Sif Muna
Trog
Vehumet
Xom
Yredelemnul
Zin
The Shining One
Beogh
Jiyva
Lugonu

Shops:
D :!:%[}=!=[?(?=[(

Annotations:
D exclusion: oklob plant, Kirke, Roxanne


Innate Abilities, Weirdness & Mutations

You are tiny and cannot use many weapons and most armour.
You have supernaturally acute eyesight.
You are an herbivore.
You cover ground extremely quickly.
You need consume almost no food.


Message History

You catch the helpless death drake completely off-guard!
You perforate the death drake like a sieve!!!
The death drake is severely wounded.
You are engulfed in dark miasma.
You are more poisoned.
You feel your flesh rotting away!
You feel ill.
You feel as though you will be slow longer.
* * * LOW HITPOINT WARNING * * *
x2 You feel very sick.
The death drake completely misses you.
An arrow misses the swamp drake!
The death drake bites the swamp drake.
The swamp drake roars!
Unknown command.
Unknown command.
You hit the death drake but do no damage.
The death drake is severely wounded.
You are engulfed in dark miasma.
You are more poisoned.
* * * LOW HITPOINT WARNING * * *
You die...

......# .. .#))▓)...([).▓▓
#'##..# #. .#§}▓.().[...▓▓
...##.#### +.##.#})▓[..(....▓▓
.#..#....# #...####▓.....[.)▓▓
)..####..## ##..##.#▓..(..(..▓▓
#'###.##..# +k.#..#▓...[.).(▓▓
#.##...#..# #kk#..#▓...[)())▓▓
.<.'###+..####.8##)#▓%...%.()▓▓
#.##...#....###k@.##▓▓▓▓▓▓▓+▓▓▓▓+
#'###.##.§....≈≈≈≈≈≈≈≈≈≈≈≈≈...≈≈≈
.#.####≈≈§§§§.≈#+########+###.≈≈≈
###.#≈≈≈§≈§≈§.≈#........#≈≈§##≈≈≈
.#.##≈≈§§§≈§≈.≈#...._._.#≈§≈§####
#'##≈§≈≈§§§≈≈≈≈#..._._._#§§§§≈##.
≈≈≈≈≈≈§§≈§≈≈≈≈≈#.._._._.#§§≈§§≈#.
+#+++#§§≈≈≈≈≈≈≈#._._._._#≈§≈§§≈+.
≈§≈§ ##≈§§###≈≈#_._._._.#≈≈§§§§#.


You could see 2 death drakes, a crystal guardian and 2 swamp drakes.

Vanquished Creatures
  2 sphinxes (D)
  A kraken (D)
  2 deep trolls (D)
  A siren (D)
  A yaktaur (D)
  3 polar bears (D)
  2 boulder beetles (D)
  2 hippogriffs (D)
  A wasp (D)
  4 necrophages (D)
  4 crocodiles (D)
  A hell rat (D)
24 creatures vanquished.

Vanquished Creatures (others)
  A flying skull (D)
  Menkaure (D)
  A crocodile (D)
  11 tentacles (D)
  3 tentacle segments (D)
17 creatures vanquished.

Grand Total: 41 creatures vanquished

Notes
Turn   | Place    | Note
--------------------------------------------------------------
     0 | D        | Kidiri the Spriggan Enchanter began the quest for the Orb.
     0 | D        | Reached XP level 1. HP: 9/9 MP: 5/5
     1 | D        | Noticed a necrophage
     1 | D        | Noticed a necrophage
     1 | D        | Noticed a necrophage
     1 | D        | Noticed a necrophage
     9 | D        | Killed a necrophage
     9 | D        | Reached skill level 1 in Fighting
     9 | D        | Reached skill level 1 in Armour
     9 | D        | Reached skill level 5 in Dodging
     9 | D        | Reached skill level 6 in Stealth
     9 | D        | Reached XP level 2. HP: 15/15 MP: 5/8
     9 | D        | Reached XP level 3. HP: 18/18 MP: 6/10
     9 | D        | Reached XP level 4. HP: 23/23 MP: 6/11
    17 | D        | Killed a necrophage
    17 | D        | Reached skill level 7 in Dodging
    17 | D        | Reached skill level 8 in Stealth
    17 | D        | Reached skill level 5 in Spellcasting
    17 | D        | Reached skill level 5 in Hexes
    17 | D        | Reached XP level 5. HP: 25/26 MP: 7/14
    21 | D        | Killed a necrophage
    21 | D        | Reached skill level 5 in Short Blades
    21 | D        | Reached skill level 9 in Stealth
    26 | D        | Killed a crocodile
    52 | D        | Killed Menkaure
   129 | D        | Killed a necrophage
   129 | D        | Reached XP level 6. HP: 17/30 MP: 10/17
   133 | D        | Learned a level 2 spell: Ensorcelled Hibernation
   137 | D        | Learned a level 3 spell: Confuse
   141 | D        | Learned a level 3 spell: Tukima's Dance
   145 | D        | Learned a level 3 spell: Dazzling Spray
   303 | D        | Noticed a siren
   310 | D        | Killed a siren
   310 | D        | Reached skill level 10 in Stealth
   310 | D        | Reached skill level 1 in Conjurations
   310 | D        | Reached skill level 1 in Ice Magic
   310 | D        | Reached XP level 7. HP: 34/34 MP: 3/19
   415 | D        | Noticed a boulder beetle
   415 | D        | Noticed a boulder beetle
   418 | D        | Noticed a hippogriff
   418 | D        | Noticed a hippogriff
   421 | D        | Killed a hippogriff
   421 | D        | Reached skill level 10 in Dodging
   421 | D        | Reached skill level 11 in Stealth
   433 | D        | Killed a hippogriff
   519 | D        | Killed a boulder beetle
   519 | D        | Reached XP level 8. HP: 40/40 MP: 18/22
   557 | D        | Killed a boulder beetle
   557 | D        | Reached skill level 12 in Stealth
   746 | D        | Noticed a flying skull
   746 | D        | Noticed a flying skull
   746 | D        | Noticed a flying skull
   746 | D        | Noticed a flying skull
   746 | D        | Noticed a flying skull
   747 | D        | Noticed a flying skull
   747 | D        | Noticed a flying skull
   747 | D        | Noticed a flying skull
   747 | D        | Noticed a flying skull
   747 | D        | Noticed a flying skull
   748 | D        | Noticed a flying skull
   749 | D        | Found Umpad's Antique Armour Boutique.
   749 | D        | Found Lyjebb's Antique Weapon Shop.
   749 | D        | Noticed Kirke
   749 | D        | Noticed a yaktaur captain
   749 | D        | Noticed a skeletal warrior
   753 | D        | Noticed a flying skull
   768 | D        | Found a glowing golden altar of the Shining One.
   786 | D        | Noticed Roxanne
   792 | D        | Found Vas Man's Antique Weapon Shop.
   792 | D        | Found Vuqil's Jewellery Shop.
   793 | D        | Found Wus Quz's Antique Armour Boutique.
   793 | D        | Found Ysoy's Magic Scroll Boutique.
   801 | D        | Found Exkupt's Jewellery Boutique.
   801 | D        | Found Ixzionk's Distillery.
   804 | D        | Found Baupruydd's Jewellery Shop.
   804 | D        | Found Exzov's Gadget Boutique.
   805 | D        | Found Noicenumi's Magic Scroll Boutique.
   807 | D        | Found Kukkarirr's Antique Armour Boutique.
   807 | D        | Found Uhiulast's Food Shop.
   807 | D        | Noticed an oklob plant
   808 | D        | Found Icassay's Distillery.
   808 | D        | Found Bic Ceac's Book Shoppe.
   808 | D        | Found Goecriyd's Book Boutique.
   809 | D        | Noticed a spiny frog
   819 | D        | Noticed an iron elemental
   830 | D        | Bought a distressingly furry robe for 153 gold pieces
   843 | D        | Identified the cursed +0 robe "Ibeg" {Regen+ Int+6 Slay-5} (You bought it in a shop in the Dungeon)
   844 | D        | Bought a book of the Sky for 780 gold pieces
   849 | D        | Learned a level 4 spell: Airstrike
   856 | D        | Learned a level 6 spell: Deflect Missiles
   893 | D        | Found a burning altar of Makhleb.
   895 | D        | Found a basalt altar of Yredelemnul.
   896 | D        | Found a snail-covered altar of Cheibriados.
   896 | D        | Found a roughly hewn altar of Beogh.
   896 | D        | Found a shadowy altar of Dithmenos.
   897 | D        | Found a shimmering altar of Xom.
   897 | D        | Found a white marble altar of Elyvilon.
   897 | D        | Found a deep blue altar of Sif Muna.
   898 | D        | Found an iron altar of Okawaru.
   898 | D        | Found a corrupted altar of Lugonu.
   899 | D        | Found a sparkling altar of Nemelex Xobeh.
   899 | D        | Found a viscous altar of Jiyva.
   900 | D        | Found an ancient bone altar of Kikubaaqudgha.
   900 | D        | Found an oddly glowing altar of Pakellas.
   901 | D        | Noticed a yaktaur
   901 | D        | Noticed a polar bear
   902 | D        | Noticed a polar bear
   902 | D        | Noticed a polar bear
   916 | D        | Killed a polar bear
   916 | D        | Reached skill level 1 in Charms
   918 | D        | Reached skill level 1 in Air Magic
   922 | D        | Killed a polar bear
   922 | D        | Reached skill level 10 in Spellcasting
   924 | D        | Killed a yaktaur
   924 | D        | Reached skill level 13 in Stealth
   924 | D        | Reached XP level 9. HP: 31/46 MP: 14/24
   929 | D        | Killed a polar bear
  1002 | D        | Learned a level 6 spell: Conjure Ball Lightning
  1011 | D        | Found a glowing silver altar of Zin.
  1013 | D        | Found a blossoming altar of Fedhas.
  1013 | D        | Found a stormy altar of Qazlal.
  1013 | D        | Found a sacrificial altar of Ru.
  1014 | D        | Found an opulent altar of Gozag.
  1014 | D        | Found a bloodstained altar of Trog.
  1014 | D        | Found a radiant altar of Vehumet.
  1020 | D        | Became a worshipper of Dithmenos the Shadowed
  1038 | D        | Noticed a kraken
  1460 | D        | Reached * piety under Dithmenos
  1478 | D        | Noticed an obsidian statue
  1505 | D        | Noticed a deep troll
  1506 | D        | Noticed a deep troll
  1511 | D        | Killed a deep troll
  1511 | D        | Reached skill level 5 in Fighting
  1511 | D        | Reached skill level 1 in Invocations
  1523 | D        | Killed a deep troll
  1523 | D        | Reached ** piety under Dithmenos
  1523 | D        | Reached skill level 10 in Short Blades
  1523 | D        | Reached skill level 14 in Stealth
  1609 | D        | Killed a kraken
  1609 | D        | Reached skill level 5 in Armour
  1609 | D        | Reached skill level 5 in Charms
  1609 | D        | Reached XP level 10. HP: 24/52 MP: 7/26
  1724 | D        | Noticed a sphinx
  1724 | D        | Noticed a sphinx
  1727 | D        | Killed a sphinx
  1727 | D        | Reached skill level 15 in Stealth
  1728 | D        | Killed a sphinx
  1728 | D        | Reached *** piety under Dithmenos
  1728 | D        | Reached skill level 5 in Ice Magic
  1728 | D        | Reached XP level 11. HP: 54/56 MP: 26/28
  1776 | D        | Noticed a death drake
  1780 | D        | Noticed a crystal guardian
  1782 | D        | Noticed a death drake
  1802 | D        | HP: 2/54 [death drake] (4)]
  1802 | D        | Succumbed to a death drake's dark miasma

Vault maps used:
D:        the_violet_keep_of_menkaure

Action                   |  1- 3 |  4- 6 |  7- 9 | 10-12 || total
-------------------------+-------+-------+-------+-------++-------
Melee: Dagger            |     6 |    50 |    80 |     9 ||   145
 Cast: Corona            |       |    10 |       |       ||    10
       Confuse           |       |     3 |    15 |     1 ||    19
       Ensorcelled Hiber |       |     1 |    12 |     2 ||    15
       Tukima's Dance    |       |     1 |       |       ||     1
       Dazzling Spray    |       |       |    17 |     1 ||    18
  Use: Potion            |     1 |       |     1 |     2 ||     4
 Stab: Distracted        |       |     1 |       |       ||     1
       Sleeping          |       |       |    12 |     2 ||    14
       Confused          |       |       |    10 |     1 ||    11
       Invisible         |       |       |     8 |     1 ||     9
